 Dungeon Crawl Stone Soup version 0.29.1-13-g9f3cf754e1 (webtiles) character file.

Game seed: 9320763049252941434

2830 Thatpatchoflichen the Basher (level 9, -1/81 HPs)
             Began as a Hill Orc Monk on Jan 20, 2023.
             Was an Elder of Okawaru.
             Slain by a gnoll sergeant
             ... wielding a +1 trident of venom
              (7 damage)
             ... on level 8 of the Dungeon.
             The game lasted 00:33:59 (10591 turns).

Thatpatchoflichen the Basher (Hill Orc Monk)       Turns: 10591, Time: 00:34:00

Health: -1/81      AC: 20    Str: 18    XL:     9   Next: 73%
Magic:  11/13      EV:  9    Int: 16    God:    Okawaru [****..]
Gold:   402        SH:  0    Dex: 13    Spells: 8/8 levels left

rFire   . . .      SeeInvis +   C - +2 flail (drain)
rCold   . . .      Faith    .   (no shield)
rNeg    . . .      Spirit   .   p - +0 plate armour
rPois   .          Reflect  .   (no helmet)
rElec   .          Harm     .   r - +0 cloak {Stlth+}
rCorr   .          Rampage  .   F - +2 pair of gloves
Will    .....                   (no boots)
Stlth   ..........              (no amulet)
HPRegen 0.23/turn               x - +6 ring of intelligence
MPRegen 0.13/turn               a - ring of see invisible

@: lethally poisoned (-1 -> -6), heroic
A: no striking features
a: Renounce Religion, Heroism, Finesse


You were on level 8 of the Dungeon.
You worshipped Okawaru.
Okawaru was greatly pleased with you.
You visited 2 branches of the dungeon, and saw 9 of its levels.
You also visited: Sewer.

You collected 402 gold pieces.

Inventory:

Hand Weapons
 c - a +0 morningstar
 q - a +4 quarterstaff of chaos
 C - a +2 flail of draining (weapon)
 E - a +1 whip of freezing
Missiles
 j - 15 poisoned darts (quivered)
 o - 6 curare-tipped darts
 B - 9 boomerangs
Armour
 p - a +0 plate armour (worn)
 r - a +0 cloak of stealth (worn)
 F - a +2 pair of gloves (worn)
Jewellery
 a - a ring of see invisible (right hand)
 x - a +6 ring of intelligence (left hand)
 L - a ring of resist corrosion
Wands
 u - a wand of light (14)
 A - a wand of mindburst (15)
 H - a wand of charming (6)
 J - a wand of flame (17)
Scrolls
 b - 2 scrolls of torment {unknown}
 e - a scroll of acquirement {unknown}
 k - a scroll of fog {unknown}
 l - 5 scrolls of teleportation
 n - a scroll of summoning {unknown}
 s - 2 scrolls of vulnerability {unknown}
 t - 2 scrolls of immolation {unknown}
 y - a scroll of blinking {unknown}
 z - a scroll of magic mapping {unknown}
 G - 3 scrolls of enchant weapon
 K - 2 scrolls of noise {unknown}
Potions
 f - 3 potions of attraction {unknown}
 g - 5 potions of haste
 h - a potion of mutation
 m - a potion of resistance
 v - 3 potions of degeneration
 w - a potion of berserk rage
 D - 2 potions of brilliance {unknown}
 I - 3 potions of might {unknown}


   Skills:
 - Level 8.0(13.0) Fighting
 + Level 9.3(14.3) Maces & Flails
 + Level 7.7(12.7) Armour
 - Level 2.4(7.4) Dodging
 - Level 1.5(6.5) Stealth
 - Level 6.0 Invocations


You had 8 spell levels left.
You didn't know any spells.
Your spell library contained the following spells:

 Spells                   Type           Power      Damage    Failure   Level
 Apportation              Tloc           0%         N/A       99%         1
 Magic Dart               Conj           0%         1d3       99%         1
 Searing Ray              Conj           0%         2d4       100%        2
 Confusing Touch          Hex            0%         N/A       100%        3
 Fulminant Prism          Conj/Hex       0%         3d6       100%        4
 Alistair's Intoxication  Tmut/Pois      0%         N/A       100%        5
 Yara's Violent Unravell  Hex/Tmut       0%         3d3       100%        5
 Enfeeble                 Hex            0%         N/A       100%        7
 Borgnjor's Revivificati  Necr           0%         N/A       100%        8
 Necromutation            Tmut/Necr      0%         N/A       100%        8
 Death's Door             Necr           0%         N/A       100%        9


Dungeon Overview and Level Annotations

Branches:
Dungeon (8/15)             Temple (1/1) D:5           Sewer (visited)
   Lair: D:8-11

Altars:
Ashenzari
Cheibriados
Dithmenos
Elyvilon
Fedhas
Hepliaklqana
Kikubaaqudgha
Makhleb
Nemelex Xobeh
Okawaru
Qazlal
Ru
Sif Muna
Uskayaw
Vehumet
Wu Jian
Xom
Yredelemnul
Zin
The Shining One

Shops:
D:5 [


Message History

You feel very sick.
The gnoll sergeant hits you with a +1 trident of venom.
You are more poisoned.
You closely miss the gnoll sergeant.
The gnoll sergeant is moderately wounded.
* * * LOW HITPOINT WARNING * * *
You feel very sick.
The gnoll sergeant completely misses you.
A gnoll sergeant is nearby!
Throw: dart (datura)
Press: ? - help, Q - select action, (/) - cycle Shift-Dir - straight line, f - gnoll sergeant
Aim: a gnoll sergeant, wielding a +1 trident of venom, wearing a +0 ring mail and quivering stones (moderately wounded, 69% to hit, chance to frenzy on hit: 51%)
You throw a datura-tipped dart.
The datura-tipped dart hits the gnoll sergeant.
The gnoll sergeant flies into a frenzy!
The gnoll sergeant is moderately wounded.
* * * LOW HITPOINT WARNING * * *
You feel very sick.
The gnoll sergeant hits you with a +1 trident of venom!
* * * LOW HITPOINT WARNING * * *
You are more poisoned.
You feel better.
The gnoll sergeant completely misses you.
The gnoll sergeant hits you with a +1 trident of venom.
* * * LOW HITPOINT WARNING * * *
You are poisoned.
You gain the combat prowess of a mighty hero.
You feel very sick.
The gnoll sergeant hits you with a +1 trident of venom.
* * * LOW HITPOINT WARNING * * *
You sock the gnoll sergeant! You drain the gnoll sergeant.
You punch the gnoll sergeant, but do no damage.
The gnoll sergeant is severely wounded.
You feel sick. The gnoll sergeant closely misses you.
You hit the gnoll sergeant but do no damage.
You drain the gnoll sergeant.
The gnoll sergeant is severely wounded.
You feel sick.
The gnoll sergeant hits you with a +1 trident of venom!
You die...

♣♣♣♣~..###......#......)#........
.####<.###...............##......
........##................#......
..........................#......
....##...........................
....##.........#.##..#..#........
....#.........##.##..#..........#
...##........###.##............##
...#..........#$@####............
......#.##....##g#..<.......##...
...##.##....###....†.......##
.####. .##...............## . #.
.#............g...# . #.
...................#
...###........##.... ..#
##...?..####.... .# ##....## ....


You could see a neutral gnoll sergeant (fast, strong, insane, very drained).

Vanquished Creatures
  Pikel (D:6)
  A wyvern (D:7)
  Menkaure (D:7)
  3 water moccasins
  Duvessa (D:6)
  An ogre (D:7)
  A wolf (D:7)
  A lemure (D:6)
  2 bullfrogs
  2 scorpions
  Dowan (D:6)
  2 electric eels (D:8)
  9 hounds
  2 jellies
  A gnoll bouda (D:3)
  7 orc priests
  Crazy Yiuf (D:2)
  2 iguanas
  9 orc wizards
  3 adders
  16 gnolls
  A white imp (D:6)
  2 ufetubi
  22 orcs
  5 bats
  6 endoplasms
  7 giant cockroaches
  6 goblins
  5 hobgoblins
  9 jackals
  3 kobolds
  5 quokkas
  5 ball pythons
  7 frilled lizards
  3 rats
153 creatures vanquished.

Vanquished Creatures (others)
  An orc wizard (D:5)
  9 plants (D:8)
10 creatures vanquished.

Grand Total: 163 creatures vanquished

Notes
Turn   | Place    | Note
-------+----------+-------------------------------------------
     0 | D:1      | Thatpatchoflichen the Hill Orc Monk began the quest for the
                  | Orb.
     0 | D:1      | Reached XP level 1. HP: 19/19 MP: 1/1
   293 | D:1      | Reached XP level 2. HP: 25/27 MP: 2/2
   436 | D:1      | Found a faded altar of an unknown god.
  1080 | D:2      | Reached XP level 3. HP: 34/34 MP: 3/3
  1121 | D:2      | Reached skill level 4 in Maces & Flails
  1186 | D:2      | Found a broken altar of Ashenzari.
  1378 | D:2      | Found a runed translucent door.
  1379 | D:2      | Noticed Crazy Yiuf
  1754 | D:3      | HP: 1/34 [gnoll/+0 whip (4)]
  2264 | D:2      | Killed Crazy Yiuf
  2265 | D:2      | Reached skill level 5 in Fighting
  2265 | D:2      | Reached XP level 4. HP: 12/42 MP: 4/4
  2979 | D:4      | Reached skill level 1 in Armour
  2979 | D:4      | Reached XP level 5. HP: 37/48 MP: 5/5
  3332 | D:4      | Found a glowing drain.
  3349 | Sewer    | Entered a sewer
  3425 | Sewer    | Noticed a water moccasin
  3450 | Sewer    | Killed a water moccasin
  3451 | Sewer    | Reached skill level 5 in Maces & Flails
  3451 | Sewer    | Reached XP level 6. HP: 16/57 MP: 6/6
  5072 | D:3      | Reached XP level 7. HP: 57/64 MP: 7/7
  5157 | D:5      | Entered Level 5 of the Dungeon
  5312 | D:5      | Found Firphiac's Antique Armour Boutique.
  5367 | D:5      | Reached skill level 6 in Maces & Flails
  5372 | D:5      | Found a staircase to the Ecumenical Temple.
  5379 | Temple   | Entered the Ecumenical Temple
  5379 | Temple   | Found a transporter.
  5379 | Temple   | Found a transporter.
  5381 | Temple   | Found a transporter.
  5381 | Temple   | Found a transporter.
  5417 | Temple   | Became a worshipper of Warmaster Okawaru
  5417 | Temple   | Reached * piety under Okawaru
  5417 | Temple   | Reached ** piety under Okawaru
  6220 | D:5      | Found a glowing golden altar of the Shining One.
  6488 | D:6      | Reached skill level 1 in Invocations
  6629 | D:6      | Reached XP level 8. HP: 37/73 MP: 9/9
  6924 | D:6      | Noticed Pikel
  6940 | D:6      | Killed Pikel
  6940 | D:6      | Reached *** piety under Okawaru
  6941 | D:6      | Reached skill level 7 in Maces & Flails
  6941 | D:6      | Reached skill level 5 in Armour
  7105 | D:6      | Noticed Dowan
  7106 | D:6      | Noticed Duvessa
  7139 | D:6      | Killed Duvessa
  7180 | D:6      | Killed Dowan
  7652 | D:7      | Reached skill level 5 in Invocations
  7652 | D:7      | Reached XP level 9. HP: 69/81 MP: 12/12
  8124 | D:7      | Reached skill level 8 in Maces & Flails
  8285 | D:7      | Noticed Menkaure
  8301 | D:7      | Killed Menkaure
  9000 | D:8      | Noticed a two-headed ogre
  9007 | D:7      | Received a gift from Okawaru
  9007 | D:7      | Reached **** piety under Okawaru
  9018 | D:7      | HP: 4/81 [two-headed ogre/+0 giant club (18)]
 10141 | D:8      | Reached skill level 9 in Maces & Flails
 10591 | D:8      | Slain by a gnoll sergeant

Illustrated notes

Levels and vault maps discovered:
D:1:      psy_arrival_fountain, layout_loops_ring,
          hellmonk_ecumenical_altar_slurped_away
D:2:      layout_rooms, basic_altar, uniq_crazy_yiuf_cottage
D:3:      layout_basic
D:4:      layout_loops_corners, portal_sewer_entry_f, minmay_misc_feat_tiny
D:5:      layout_rooms, tso_oasis_becter, minmay_temple_entry_enclosed_plants,
          serial_shops, shop, minmay_misc_feat_tower, minmay_misc_feat_rugged,
          grunt_ministairs_14
D:6:      layout_rooms, grunt_ministairs_9, uniq_pikel, uniq_duvessa
D:7:      layout_gridville, uniq_menkaure
D:8:      layout_cave_pools, serial_gnoll_camp, gnoll_camp_huts_basic,
          gnoll_camp_mini_house, gnoll_camp_mini_loothouse,
          gnoll_camp_mini_doghouse, special_room [special_room_orc],
          st_stairs_5, serial_bayou_ford_a
Temple:   hellmonk_temple_divided_pantheon

Skill      XL: |  1  2  3  4  5  6  7  8  9 |
---------------+----------------------------+-----
Fighting       | 4 5 6 7 8 |  8.0
Maces & Flails | 4 5 6 7 9 |  9.3
Armour         | 1 2 3 4 6 7 |  7.7
Invocations    | 2 5 6 |  6.0
Dodging        | |  2.4
Stealth        | |  1.5

Action                   |  1- 3 |  4- 6 |  7- 9 || total
-------------------------+-------+-------+-------++-------
Melee: Mace              |    94 |       |       ||    94
       Punch             |     1 |       |     4 ||     5
       Morningstar       |     6 |   110 |    89 ||   205
       Flail             |       |       |   252 ||   252
Throw: Dart              |       |       |     1 ||     1
Invok: Heroism           |       |       |     2 ||     2
  Use: Potion            |     2 |     1 |     6 ||     9
       Scroll            |       |     5 |     2 ||     7
 Stab: Sleeping          |     2 |       |       ||     2
Armor: Robe              |     2 |       |       ||     2
       Chain mail        |    46 |       |       ||    46
       Ring mail         |     1 |       |       ||     1
       Plate armour      |       |   115 |   344 ||   459
Dodge: Dodged            |    41 |    46 |   142 ||   229
